 Dungeon Crawl Stone Soup version 0.30-a0-1066-g63dfefce0d (webtiles) character file.

Game seed: 2842922000197589490

68040 Newt the Nimble (level 15, -7/88 HPs)
             Began as a Kobold Hunter on Apr 12, 2023.
             Was the Champion of Okawaru.
             Mangled by an orc knight
             ... wielding a +0 great sword
              (25 damage)
             ... on level 2 of the Orcish Mines.
             The game lasted 00:29:34 (16146 turns).

Newt the Nimble (Kobold Hunter)                    Turns: 16146, Time: 00:29:34

Health: -7/88      AC: 31    Str: 14    XL:     15   Next: 68%
Magic:  21/21      EV: 15    Int: 10    God:    Okawaru [******]
Gold:   1897       SH:  0    Dex: 28    Spells: 14/14 levels left

rFire   . . .      SeeInvis +    a - +8 hand axe of Epnaphez {vamp, rC+}
rCold   + + .      Faith    .    (no shield)
rNeg    . . .      Spirit   .    B - +10 plate armour "Vijapaco" {Will+}
rPois   +          Reflect  .    W - +2 helmet {SInv}
rElec   .          Rampage  ∞    n - +0 cloak
rCorr   .          Harm     + .  k - +5 pair of gloves "Vetrin" {Harm Dex+4}
Will    ++...                    r - +3 pair of seven-league boots {Rampage+∞} Stlth
                                 N - amulet of regeneration
HPRegen 1.14/turn                v - ring of Shadows {Umbra +Inv Stlth+}
MPRegen 0.17/turn                z - ring of Zoism {rPois rC+ Dex+3 Slay+5 Stlth-}

@: corroded, wreathed by umbra
A: small, no large weapons, nightstalker 3
a: Renounce Religion, Evoke Invisibility, Heroism, Finesse, Duel


You were on level 2 of the Orcish Mines.
You worshipped Okawaru.
Okawaru was exalted by your worship.
You visited 4 branches of the dungeon, and saw 17 of its levels.
You also visited: Ossuary and Gauntlet.

You collected 1897 gold pieces.

Inventory:

Hand Weapons
 a - the +8 hand axe of Epnaphez (weapon) {vamp, rC+}
   (You found it on level 2 of the Dungeon)

   rC:        It protects you from cold.
 b - a +6 triple crossbow of electrocution
 d - a +1 demon whip of venom
 P - the +9 hand axe of Poverty {holy, *Corrode rC+ Int+3}
   (You found it in a Gauntlet)

   Int:       It affects your intelligence (+3).
   rC:        It protects you from cold.
   *Corrode:  It may corrode you when you take damage.
Missiles
 s - a throwing net
 t - 3 atropa-tipped darts (quivered)
 V - 22 boomerangs
Armour
 k - the +5 pair of gloves "Vetrin" (worn) {Harm Dex+4}
   (You acquired it on level 3 of the Dungeon)

   Dex:       It affects your dexterity (+4).
   Harm:      It increases damage dealt and taken.
 n - a +0 cloak (worn)
 p - the +2 robe "Ridan" {-Cast rPois Regen+}
   (You found it on level 2 of the Dungeon)

   rPois:     It protects you from poison.
   -Cast:     It prevents spellcasting.
   Regen:     It increases your rate of health regeneration.
 r - the +3 pair of seven-league boots (worn) {Rampage+∞}
   (You acquired it on level 5 of the Lair of Beasts)

   Rampage+∞: When moving toward enemies, its wearer moves as far as possible.
 B - the +10 plate armour "Vijapaco" (worn) {Will+}
   (Okawaru gifted it to you on level 5 of the Lair of Beasts)

   Will:      It increases your willpower.
 U - the +1 robe "Zuacraf" {Harm rPois Str+2 Int+2}
   (You found it on level 1 of the Lair of Beasts)

   Str:       It affects your strength (+2).
   Int:       It affects your intelligence (+2).
   rPois:     It protects you from poison.
   Harm:      It increases damage dealt and taken.
 W - a +2 helmet of see invisible (worn)
 X - a +1 pair of boots of flying
Jewellery
 l - a +5 ring of evasion
 v - the ring of Shadows (left hand) {Umbra +Inv Stlth+}
   (You found it on level 3 of the Lair of Beasts)

   [ring of stealth]

   Umbra:     It surrounds you with an aura of shadow, increasing your stealth
   and reducing the accuracy of all others within it.
   +Inv:      It lets you turn invisible.
   Stlth:     It makes you more stealthy.
 y - a ring of resist corrosion
 z - the ring of Zoism (right hand) {rPois rC+ Dex+3 Slay+5 Stlth-}
   (You acquired it on level 5 of the Lair of Beasts)

   [ring of poison resistance]

   Dex:       It affects your dexterity (+3).
   Slay:      It affects your accuracy & damage with ranged weapons and melee
   (+5).
   rC:        It protects you from cold.
   rPois:     It protects you from poison.
   Stlth:     It makes you less stealthy.
 C - a +6 ring of strength
 H - a ring of protection from cold
 L - a ring of positive energy
 N - an amulet of regeneration (around neck)
 S - a ring of protection from cold
 Y - a ring of protection from fire
Wands
 c - a wand of quicksilver (4)
 e - a wand of roots (6)
 q - a wand of polymorph (12)
 D - a wand of flame (55)
 Z - a wand of digging (9)
Scrolls
 m - 5 scrolls of enchant armour
 o - 2 scrolls of blinking
 w - a scroll of brand weapon
 J - 5 scrolls of fear
 Q - a scroll of magic mapping
Potions
 f - 2 potions of cancellation
 g - 5 potions of haste
 h - 9 potions of curing
 i - 2 potions of lignification
 j - a potion of heal wounds
 u - 5 potions of attraction
 x - 2 potions of brilliance
 A - a potion of ambrosia
 I - 2 potions of mutation
 K - a potion of magic
 M - 2 potions of berserk rage
 T - a potion of invisibility {unknown}


   Skills:
 - Level 8.0 Fighting
 - Level 14.0 Axes
 - Level 6.8 Ranged Weapons
 - Level 7.0 Throwing
 + Level 8.7 Armour
 - Level 14.0 Dodging
 - Level 1.3 Stealth
 - Level 9.0 Invocations
 - Level 8.0 Evocations


You had 14 spell levels left.
You didn't know any spells.
Your spell library contained the following spells:

 Spells                   Type           Power      Damage    Failure   Level
 Magic Dart               Conj           0%         1d3       100%        1
 Shock                    Conj/Air       0%         1d3       100%        1
 Poisonous Vapours        Pois/Air       0%         N/A       100%        2
 Scorch                   Fire           0%         2d5       100%        2
 Searing Ray              Conj           0%         2d4       100%        2
 Static Discharge         Conj/Air       0%         2-2/arc   100%        2
 Dazzling Flash           Conj/Hex       0%         N/A       100%        3
 Frozen Ramparts          Ice            0%         1d1       100%        3
 Mephitic Cloud           Conj/Pois/Air  0%         N/A       100%        3
 Swiftness                Air            0%         N/A       100%        3
 Airstrike                Air            0%         2d(0-16)  100%        4
 Anguish                  Hex/Necr       0%         N/A       100%        4
 Flame Wave               Conj/Fire      0%         2d4       100%        4
 Fulminant Prism          Conj/Hex       0%         3d5       100%        4
 Ice Form                 Ice/Tmut       0%         N/A       100%        4
 Freezing Cloud           Conj/Ice/Air   0%         6-21      100%        5
 Eringya's Noxious Bog    Tmut/Pois      0%         N/A       100%        6
 Summon Ice Beast         Ice/Summ       Unusable   N/A       N/A         4
 Summon Forest            Summ/Tloc      Unusable   N/A       N/A         5
 Summon Cactus Giant      Summ           Unusable   N/A       N/A         6
 Summon Hydra             Summ           Unusable   N/A       N/A         7

Dungeon Overview and Level Annotations

Branches:
Dungeon (9/15)             Temple (1/1) D:6            Lair (5/5) D:8
 Shoals (0/4) Lair:2       Spider (0/4) Lair:3        Slime (0/5) Lair:4
    Orc (2/2) D:9             Elf (0/3) Orc:2       Ossuary (visited)
Gauntlet (visited)

Altars:
Ashenzari
Cheibriados
Dithmenos
Elyvilon
Fedhas
Gozag
Hepliaklqana
Kikubaaqudgha
Makhleb
Nemelex Xobeh
Okawaru
Qazlal
Ru
Sif Muna
Trog
Uskayaw
Vehumet
Wu Jian
Xom
Yredelemnul
Zin
The Shining One

Shops:
D:6 *   D:7 [   Orc:1 [


Innate Abilities, Weirdness & Mutations

You are small and have problems with some larger weapons.
You are completely attuned to the shadows.


Message History

You hit the orc knight but do no damage.
The orc knight misses you. The orc warrior closely misses you.
The orc knight hits you with a +0 battleaxe.
You barely miss the orc knight.
The orc knight is severely wounded.
You hit the orc warrior but do no damage.
You completely miss the orc knight.
The orc knight hits you with a +0 great sword!
The orc warrior closely misses you.
You slash the orc knight!
You feel better.
The orc knight is almost dead.
You hit the orc warrior but do no damage.
You closely miss the orc knight.
The orc knight hits you with a +0 battleaxe!!
You hear a shout!
You are too injured to fight recklessly!
You are too injured to fight recklessly!
You are too injured to fight recklessly!
You hit the orc knight but do no damage.
The orc knight is almost dead.
You slash the orc warrior!
You feel better.
You slash the orc knight!
You hear a shout! x2
The orc knight hits you with a +0 great sword!
The orc warrior closely misses you.
Unknown command.
You hit the orc knight but do no damage.
The orc knight is almost dead.
You hit the orc warrior but do no damage.
You slash the orc knight!
You feel better.
The orc knight hits you with a +0 battleaxe!
* * * LOW HITPOINT WARNING * * *
Unknown command.
Unknown command.
You hit the orc knight but do no damage.
The orc knight is almost dead.
You hit the orc warrior.
You hit the orc knight but do no damage.
The orc knight no longer looks unusually strong.
The orc knight hits you with a +0 great sword!!
You die...

......###..##
.....###..####
....###..###.##
...###..###)..##
..###..###.#.#.##
.###..###...#)))##
###..###...###)).##
##.)###...##
##oo.## #....))..##
##@).# ....#...##
##o..# ..#....##
#.#. #.....## ...
.#..## .. #.....##
..#....## ...)#...#
#.))))...


You could see 2 orc knights and an orc warrior (strong).

Vanquished Creatures
  A quicksilver ooze (Lair:5)
  2 dire elephants (Lair:5)
  A minotaur (Gauntlet)
  Snorg (Lair:4)
  An ettin (Orc:1)
  5 hydras
  A two-headed ogre (D:9)
  An anaconda (Lair:4)
  10 death yaks
  4 orc high priests (Orc:2)
  Urug (Lair:2)
  3 skysharks
  A spectral death yak (Lair:5)
  A soul eater (Gauntlet)
  Amaemon (Lair:1)
  A spectral anaconda (Lair:5)
  A lindwurm (Lair:5)
  An obsidian statue (Lair:5)
  4 orc knights (Orc:2)
  2 harpies (Lair:2)
  4 necromancers (Lair:5)
  3 orc sorcerers (Orc:2)
  12 elephants
  8 black mambas
  Joseph (D:8)
  2 torpor snails (Lair:4)
  An apocalypse crab (Gauntlet)
  10 cane toads
  An eye of devastation (Lair:4)
  A gargoyle (D:5)
  2 orange demons
  Maggie (Lair:2)
  3 rime drakes
  12 komodo dragons
  3 trolls (Orc:2)
  3 meliai (Gauntlet)
  A red devil (Orc:2)
  4 polar bears
  6 blink frogs (Lair:3)
  3 hornets
  5 slime creatures (Lair:5)
  2 spectral elephants (Lair:5)
  A culicivora (Lair:3)
  31 yaks
  4 basilisks
  5 wyverns
  4 steam dragons
  4 vampire mosquitoes (D:8)
  A chaos spawn (Orc:2)
  2 death yak simulacra (Lair:5)
  3 wargs
  2 acid dragons
  18 water moccasins
  A floating eye (Lair:4)
  An elephant zombie (Lair:5)
  An ice beast (D:6)
  32 orc warriors
  8 ogres
  3 centaurs
  4 elephant skeletons (Lair:5)
  A phantom (D:5)
  9 wolves
  3 elf zombies (Ossuary)
  A kobold brigand (D:8)
  12 bullfrogs
  2 gnoll sergeants
  4 scorpions
  14 wights
  An elephant simulacrum (Lair:5)
  3 killer bees (D:9)
  2 electric eels (Lair:4)
  3 centaur zombies (Ossuary)
  3 hounds
  3 gnoll boudas
  A human zombie (Ossuary)
  17 orc priests
  8 jellies
  2 sleepcaps
  Ijyb (D:3)
  8 hell rats
  2 iguanas
  9 orc wizards
  3 hound zombies (Ossuary)
  3 mummies (Ossuary)
  Robin (D:2)
  28 gnolls
  6 adders
  3 shadow imps (Gauntlet)
  A white imp (D:7)
  5 adder zombies (Ossuary)
  2 worms (D:2)
  3 dart slugs
  69 orcs
  5 endoplasms
  5 giant cockroaches
  25 goblins
  9 hobgoblins
  9 jackals
  15 kobolds
  6 quokkas
  7 ball pythons
  4 bats
  3 frilled lizards
  A gnoll zombie (Ossuary)
  2 goblin zombies (Ossuary)
  5 hobgoblin zombies (Ossuary)
  3 jackal zombies (Ossuary)
  4 kobold zombies (Ossuary)
  An orc zombie (Ossuary)
  3 quokka zombies (Ossuary)
  9 rats
  3 rat zombies (Ossuary)
  A butterfly (Lair:4)
609 creatures vanquished.

Vanquished Creatures (others)
  An electric eel (Lair:4)
  55 fungi
  56 plants
  39 withered plants
151 creatures vanquished.

Grand Total: 760 creatures vanquished

Notes
Turn   | Place    | Note
-------+----------+-------------------------------------------
     0 | D:1      | Newt the Kobold Hunter began the quest for the Orb.
     0 | D:1      | Reached XP level 1. HP: 12/12 MP: 1/1
   112 | D:1      | Reached XP level 2. HP: 18/18 MP: 2/2
   353 | D:1      | Reached XP level 3. HP: 23/23 MP: 3/3
   689 | D:1      | Found a faded altar of an unknown god.
   943 | D:2      | Reached XP level 4. HP: 29/29 MP: 4/4
  1131 | D:2      | Noticed Robin
  1148 | D:2      | Killed Robin
  1792 | D:2      | Reached XP level 5. HP: 33/33 MP: 5/5
  1864 | D:2      | Identified the +8 hand axe of Epnaphez {vamp, rC+}
  2124 | D:2      | Identified the +2 robe "Ridan" {-Cast rPois Regen+}
  2451 | D:3      | Reached skill level 1 in Axes
  2508 | D:3      | Noticed Ijyb
  2518 | D:3      | Killed Ijyb
  2644 | D:3      | Identified a scroll of acquirement
  2644 | D:3      | Acquired the +5 pair of gloves "Vetrin" {Harm Dex+4}
  3179 | D:4      | Noticed an ogre
  3188 | D:4      | Reached XP level 6. HP: 36/38 MP: 6/6
  3234 | D:4      | Found a sand-covered staircase.
  3240 | Ossuary  | Entered an ossuary
  3331 | Ossuary  | Reached XP level 7. HP: 43/43 MP: 7/7
  3472 | Ossuary  | Reached skill level 5 in Axes
  3601 | D:4      | Reached XP level 8. HP: 48/48 MP: 8/8
  3780 | D:4      | Found an ornate altar of the Wu Jian Council.
  3840 | D:5      | Entered Level 5 of the Dungeon
  3919 | D:5      | Identified the +7 dagger of Darkness {heavy, Contam rC+
                  | Str+6 Int+3}
  3928 | D:5      | Noticed a yak
  3928 | D:5      | Noticed a gargoyle
  3937 | D:5      | Killed a gargoyle
  3942 | D:5      | Killed a yak
  3956 | D:5      | Reached XP level 9. HP: 52/52 MP: 9/9
  4340 | D:6      | Found Zin's Purification Station.
  4341 | D:6      | Found a glowing silver altar of Zin.
  4436 | D:6      | Reached skill level 5 in Dodging
  4491 | D:6      | Found a staircase to the Ecumenical Temple.
  4568 | Temple   | Entered the Ecumenical Temple
  4806 | Temple   | Became a worshipper of Warmaster Okawaru
  4906 | D:6      | Found a sparkling altar of Nemelex Xobeh.
  4944 | D:6      | Found a hide-covered altar of Uskayaw.
  5313 | D:6      | Reached skill level 5 in Fighting
  5316 | D:6      | Reached * piety under Okawaru
  5324 | D:6      | Found a burning altar of Makhleb.
  5672 | D:7      | Reached XP level 10. HP: 61/61 MP: 10/10
  5888 | D:7      | Found Lifaaner's Antique Armour Emporium.
  6675 | D:8      | Reached ** piety under Okawaru
  6878 | D:8      | Found a radiant altar of Vehumet.
  6891 | D:8      | Reached skill level 10 in Dodging
  7140 | D:8      | Reached skill level 1 in Invocations
  7361 | D:8      | Noticed Joseph
  7383 | D:8      | Killed Joseph
  7383 | D:8      | Reached *** piety under Okawaru
  7473 | D:8      | Found a staircase to the Lair.
  7501 | D:8      | Reached skill level 5 in Invocations
  7505 | D:8      | Reached XP level 11. HP: 29/68 MP: 11/15
  7542 | D:8      | Received a gift from Okawaru
  7881 | Lair:1   | Entered Level 1 of the Lair of Beasts
  7939 | Lair:1   | Reached **** piety under Okawaru
  8094 | Lair:1   | Reached skill level 1 in Throwing
  8641 | Lair:1   | Identified the +1 robe "Zuacraf" {Harm rPois Str+2 Int+2}
  8800 | Lair:2   | Noticed a skyshark
  8820 | Lair:2   | Reached skill level 5 in Throwing
  8848 | Lair:2   | Killed a skyshark
  8864 | Lair:2   | Reached ***** piety under Okawaru
  8886 | Lair:2   | Found a staircase to the Shoals.
  8886 | Lair:2   | Noticed a harpy
  8887 | Lair:2   | Noticed a harpy
  8897 | Lair:2   | Killed a harpy
  8906 | Lair:2   | Killed a harpy
  8906 | Lair:2   | Received a gift from Okawaru
  8929 | Lair:2   | Reached XP level 12. HP: 73/73 MP: 15/18
  9014 | Lair:2   | Found a gate leading to a gauntlet.
  9020 | Gauntlet | Entered a Gauntlet
  9024 | Gauntlet | Noticed a soul eater
  9049 | Gauntlet | Noticed a catoblepas
  9059 | Gauntlet | Found a transporter.
  9110 | Gauntlet | Found a transporter.
  9124 | Gauntlet | Found a transporter.
  9174 | Gauntlet | Found a transporter.
  9202 | Gauntlet | Noticed a hell hog
  9228 | Gauntlet | Noticed a soul eater
  9275 | Gauntlet | Killed a soul eater
  9278 | Gauntlet | Found a transporter.
  9282 | Gauntlet | Found a transporter.
  9301 | Gauntlet | Found a transporter.
  9313 | Gauntlet | Received a gift from Okawaru
  9324 | Gauntlet | Found a transporter.
  9416 | Gauntlet | Identified the +4 shortbow of Balance {drain, Drain +Blink
                  | rElec rCorr}
  9416 | Gauntlet | Noticed a minotaur
  9448 | Gauntlet | Killed a minotaur
  9448 | Gauntlet | Received a gift from Okawaru
  9452 | Gauntlet | Identified the +6 dagger "Saosm" {flame, rPois}
  9452 | Gauntlet | Identified the +9 hand axe of Poverty {holy, *Corrode rC+
                  | Int+3}
  9523 | Lair:2   | Noticed Amaemon
  9524 | Lair:2   | Noticed Urug
  9544 | Lair:1   | Killed Amaemon
  9566 | Lair:2   | Killed Urug
  9566 | Lair:2   | Received a gift from Okawaru
  9601 | Lair:2   | Reached skill level 1 in Evocations
  9622 | Lair:2   | Noticed Maggie
  9632 | Lair:2   | Killed Maggie
 10211 | Lair:3   | Reached skill level 5 in Evocations
 10239 | Lair:3   | Noticed a death yak
 10240 | Lair:3   | Noticed a death yak
 10252 | Lair:3   | Noticed a death yak
 10268 | Lair:3   | Killed a death yak
 10268 | Lair:3   | Received a gift from Okawaru
 10270 | Lair:3   | Killed a death yak
 10271 | Lair:3   | Reached XP level 13. HP: 78/78 MP: 17/19
 10303 | Lair:3   | Received a gift from Okawaru
 10420 | Lair:3   | Found the ring of Shadows {Umbra +Inv Stlth+}
 10534 | Lair:3   | Noticed a seven-headed hydra
 10550 | Lair:3   | Killed a seven-headed hydra
 10722 | Lair:3   | Identified the +0 chain mail "Neifunoul" {Str+3 Slay-3
                  | Stlth+}
 10826 | Lair:3   | Found a hole to the Spider Nest.
 10864 | Lair:3   | Noticed a six-headed hydra
 10875 | Lair:3   | Killed a six-headed hydra
 11298 | Lair:4   | Identified the +8 shortbow of Keloem {drain, +Blink rF+ rN+
                  | rCorr} (Okawaru gifted it to you on level 4 of the Lair of
                  | Beasts)
 11298 | Lair:4   | Received a gift from Okawaru
 11315 | Lair:4   | Reached skill level 10 in Axes
 11359 | Lair:4   | Noticed Snorg
 11373 | Lair:4   | Killed Snorg
 11477 | Lair:4   | Found a snail-covered altar of Cheibriados.
 11618 | Lair:4   | Found a staircase to the Slime Pits.
 11731 | Lair:4   | Identified the +0 arbalest of Karma {elec, rF- Str+4 Dex+4}
                  | (Okawaru gifted it to you on level 4 of the Lair of Beasts)
 11731 | Lair:4   | Received a gift from Okawaru
 11968 | Lair:4   | Reached XP level 14. HP: 84/84 MP: 20/20
 12391 | Lair:4   | Received a gift from Okawaru
 12483 | Lair:4   | Identified the +7 longbow of Satyriasis {elec, Dex+3}
 12584 | Lair:5   | Entered Level 5 of the Lair of Beasts
 13056 | Lair:5   | Acquired the ring of Zoism {rPois rC+ Dex+3 Slay+5 Stlth-}
 13058 | Lair:5   | Acquired the +3 pair of seven-league boots {Rampage+∞}
 13058 | Lair:5   | Found the +3 pair of seven-league boots {Rampage+∞}
 13278 | Lair:5   | Reached ****** piety under Okawaru
 13390 | Lair:5   | Identified the +10 plate armour "Vijapaco" {Will+} (Okawaru
                  | gifted it to you on level 5 of the Lair of Beasts)
 13390 | Lair:5   | Received a gift from Okawaru
 13404 | Lair:5   | Noticed a dire elephant
 13404 | Lair:5   | Noticed a dire elephant
 13422 | Lair:5   | Killed a dire elephant
 13458 | Lair:5   | Killed a dire elephant
 13480 | Lair:5   | Got the Directory of Execration and the Sky
 13729 | Lair:5   | Reached skill level 1 in Armour
 13878 | Lair:5   | Noticed a quicksilver ooze
 14101 | Lair:5   | Reached XP level 15. HP: 88/88 MP: 21/21
 14369 | Lair:5   | Reached skill level 5 in Armour
 14398 | Lair:5   | Killed a quicksilver ooze
 14611 | D:9      | Found a staircase to the Orcish Mines.
 14623 | Orc:1    | Entered Level 1 of the Orcish Mines
 14688 | Orc:1    | Found Huwew's Antique Armour Emporium.
 14807 | Orc:1    | Received a gift from Okawaru
 15067 | Orc:2    | Entered Level 2 of the Orcish Mines
 15293 | Orc:2    | Identified the +9 arbalest "Dizuyny" {freeze, rN++ Str-2}
                  | (Okawaru gifted it to you on level 2 of the Orcish Mines)
 15293 | Orc:2    | Received a gift from Okawaru
 15738 | Orc:2    | Found a staircase to the Elven Halls.
 16135 | Orc:2    | Identified the +0 crystal plate armour of Okawaru,
                  | Hungering {rElec rF- Int-4 Slay+5} (Okawaru gifted it to
                  | you on level 2 of the Orcish Mines)
 16135 | Orc:2    | Received a gift from Okawaru
 16146 | Orc:2    | Mangled by an orc knight

Illustrated notes

Levels and vault maps discovered:
D:1:      dpeg_arrival_pond, layout_loops_ring, ebering_ecumenical_altar_hall
D:2:      layout_basic, uniq_robin
D:3:      layout_rooms, mrwooster_statue_mirror, kennysheep_path_1, uniq_ijyb
D:4:      layout_rooms, kennysheep_little_box, nicolae_ossuary_entry_ruins,
          serial_glass, glass_columns_a, glass_columns_a,
          kennysheep_generic_room_3
D:5:      kennysheep_big_flooded_room, layout_rooms
D:6:      layout_gridville, general_overflow_altar, zin_purify,
          overflow_temple_1_default, mainiacjoe_overflow_alcove_4,
          minmay_temple_entry_statues, abandoned_shop
D:7:      layout_cave_pods, serial_shops, nicolae_take_the_stairs,
          enter_bailey_1
D:8:      nicolae_BIG_FREAKIN_CUBE, layout_loops_corners, vehumet_altar_wand_db,
          minmay_lair_entry_grove, chequers_serial_rivers_large_a,
          minmay_misc_feat_enclosed, uniq_joseph
D:9:      layout_stronghold, david_orc_3
Temple:   eino_temple_rhombus
Lair:1:   layout_roguey, grunt_megastairs_5
Lair:2:   layout_big_grid, nicolae_shoals_entry_roost, gauntlet_entry_generic,
          beast_lair_carwin_4, uniq_maggie, uniq_amaemon, uniq_urug
Lair:3:   layout_roguey, hellmonk_spider_entry_life_and_decay, lemuel_fruit_tree
Lair:4:   layout_long_grid, minmay_slime_entry_eyes, basic_altar,
          nicolae_lair_lakeside_cave, lemuel_fruit_fields, lemuel_fruit_fields,
          serial_bayou_shore_a, uniq_snorg
Lair:5:   due_jungle_book, layout_regular_city, nicolae_lair_time_for_slime
Orc:1:    layout_caves, serial_shops, nicolae_square_shop
Orc:2:    pf_orc_diabolical, layout_caves

Skill      XL: |  1  2  3  4  5  6  7  8  9 10 11 12 13 14 15 |
---------------+----------------------------------------------+-----
Fighting       | 3 4 6 8 |  8.0
Ranged Weapons | 6 |  6.8
Axes           | 2 3 5 7 8 11 14 | 14.0
Dodging        | 7 10 14 | 14.0
Invocations    | 5 9 |  9.0
Throwing       | 7 |  7.0
Evocations     | 6 8 |  8.0
Armour         | 3 8 |  8.7
Stealth        | |  1.3

Action                     |  1- 3 |  4- 6 |  7- 9 | 10-12 | 13-15 || total
---------------------------+-------+-------+-------+-------+-------++-------
  Melee: Hand axe          |       |   100 |   249 |   559 |  1192 ||  2100
         Punch             |       |       |     3 |    22 |    28 ||    53
         Demon whip        |       |       |       |       |    25 ||    25
   Fire: Shortbow          |   101 |    65 |       |       |       ||   166
         Triple crossbow   |       |       |       |       |    13 ||    13
  Throw: Boomerang         |       |       |       |     3 |       ||     3
         Dart              |       |       |       |     1 |     1 ||     2
 Invoke: Heroism           |       |       |       |    10 |     4 ||    14
         Finesse           |       |       |       |     1 |       ||     1
  Evoke: Wand              |       |       |       |     1 |     1 ||     2
    Use: Scroll            |       |     9 |     3 |     7 |    12 ||    31
         Potion            |       |     1 |     1 |     1 |     5 ||     8
   Stab: Sleeping          |       |    13 |    23 |    15 |    23 ||    74
         Distracted        |       |     3 |     2 |       |     1 ||     6
         Invisible         |       |       |       |     5 |       ||     5
 Armour: Leather armour    |    19 |     6 |       |       |       ||    25
         Skin              |       |     8 |       |       |       ||     8
         Robe              |       |    23 |    49 |   104 |   100 ||   276
         Plate armour      |       |       |       |       |   323 ||   323
  Dodge: Dodged            |    36 |   124 |   193 |   669 |  1149 ||  2171

Table legend: (Time is in decaauts)
 A = Elapsed time spent in this place.
 B = Non-inter-level travel time spent in this place.
 C = Inter-level travel time spent in this place.
 D = Time resting spent in this place.
 E = Time spent auto-exploring this place.
 F = Levels seen in this place.
 G = Mean time per level.
                   A        B        C        D        E       F      G
               +--------+--------+--------+--------+--------+-----+--------+
         Total |  15714 |  15036 |    678 |   1233 |   9991 |  19 |  827.1 |
       Dungeon |   7443 |   7066 |    377 |    225 |   5347 |   9 |  827.0 |
        Temple |    249 |    212 |     37 |      0 |    197 |   1 |  249.0 |
          Lair |   5944 |   5702 |    242 |    721 |   3420 |   5 | 1188.8 |
  Orcish Mines |   1384 |   1363 |     21 |    287 |    717 |   2 |  692.0 |
       Ossuary |    304 |    304 |      0 |      0 |    112 |   1 |  304.0 |
      Gauntlet |    387 |    387 |      0 |      0 |    197 |   1 |  387.0 |
               +--------+--------+--------+--------+--------+-----+--------+

Top non-repeatable levels by time:
  Lair:5: 1759 daAuts
     D:2: 1554 daAuts
     D:8: 1316 daAuts
  Lair:4: 1275 daAuts
  Lair:3: 1087 daAuts
     D:6: 1042 daAuts
   Orc:2: 961 daAuts
  Lair:2: 928 daAuts
     D:1: 925 daAuts
     D:7: 922 daAuts
  Lair:1: 893 daAuts
     D:3: 615 daAuts
     D:4: 546 daAuts
     D:5: 468 daAuts
   Orc:1: 423 daAuts
